 Dungeon Crawl Stone Soup version 0.20-b1-24-gb21faa7 (webtiles) character file.

88 Gorglomux the Skirmisher (level 4, 0/24 HPs)
             Began as a Vine Stalker Fighter on May 25, 2017.
             Slain by Sigmund
             ... wielding a +2 scythe of freezing
              (8 damage)
             ... on level 3 of the Dungeon.
             The game lasted 00:03:22 (1683 turns).

Gorglomux the Skirmisher (Vine Stalker Fighter)     Turns: 1683, Time: 00:03:22

Health: 0/24       AC:  6    Str: 19    XL:     4   Next: 53%
Magic:  0/5        EV: 10    Int:  8    God:
Gold:   190        SH:  0    Dex: 14    Spells: 3/3 levels left

rFire    . . .     SeeInvis .   a - +0 rapier
rCold    . . .     Gourm    +   c - +0 shield
rNeg     . . .     Faith    .   b - +0 scale mail
rPois    .         Spirit   +   (no helmet)
rElec    .         Reflect  .   (no cloak)
rCorr    .         Harm     .   (no gloves)
MR       .....                  (no boots)
Stlth    ..........             t - amulet of the gourmand {Gourm, !d}
Regen    0.5/turn               u - +3 ring of evasion
MPRegen  0.1/turn               (no ring)

@: confused
A: fangs 2, regeneration 1, magic shield, antimagic bite, no potion heal 3, rot
immunity
a: no special abilities


You were on level 3 of the Dungeon.
You were completely stuffed.

You visited 1 branch of the dungeon, and saw 3 of its levels.

You collected 190 gold pieces.

Inventory:

Hand Weapons
 a - a +0 rapier (weapon)
Armour
 b - a +0 scale mail (worn)
 c - a +0 shield (worn)
 y - a +0 pair of boots
   (You found it on level 3 of the Dungeon)
Jewellery
 t - an amulet of the gourmand (around neck) {Gourm, !d}
   (You found it on level 2 of the Dungeon)
 u - a +3 ring of evasion (left hand)
   (You took it off a goblin on level 2 of the Dungeon)
Scrolls
 e - 2 scrolls of enchant armour {unknown}
 g - 2 scrolls of amnesia {unknown}
 h - a scroll of fear {unknown}
 j - a scroll of enchant weapon {unknown}
 k - a scroll of noise {unknown}
 o - a scroll of recharging {unknown}
 p - 2 scrolls of magic mapping {unknown}
 q - a scroll of teleportation {unknown}
 v - 2 scrolls of remove curse {unknown}
 x - a scroll of identify
 z - a scroll of fog {unknown}
Potions
 d - 2 potions of might
 i - a potion of heal wounds
 m - a potion of berserk rage {unknown}
 n - a potion of agility {unknown}
 r - 3 potions of curing
 s - a potion of haste {unknown}
 w - a potion of mutation {!q}
Comestibles
 f - 5 bread rations {@e1}
 l - 9 fruits


   Skills:
 + Level 3.1 Fighting
 * Level 2.8 Short Blades
 + Level 2.7 Armour
 + Level 1.0 Dodging
 + Level 3.1 Shields


You had 3 spell levels left.
You didn't know any spells.

Dungeon Overview and Level Annotations

Branches:
Dungeon (3/15)

Altars:
Gozag

Annotations:
D:3 1 runed door, FakerFangirl's ghost, amateur DrFi; Sigmund


Innate Abilities, Weirdness & Mutations

You have extremely sharp teeth.
Your natural rate of healing is unusually fast.
When hurt, damage is shared between your health and your magic reserves.
Your bite disrupts and absorbs the magic of your enemies.
Potions cannot restore your health.
You are immune to rotting.


Message History

You hit the gnoll but do no damage. Your bite misses the gnoll.
The gnoll barely misses you. x2; The gnoll closely misses you.
A gnoll comes into view. It is wielding a halberd of distortion.
You block the gnoll's attack. The gnoll barely misses you.
You hit the gnoll. The gnoll hits you with a club.
You block the gnoll's attack.
Your shield and scale mail prevent you from hitting the gnoll.
You bite the gnoll. You drain its power.
You kill the gnoll!
You block the gnoll's attack. You block the gnoll's attack.
There is a stone staircase leading up here.
The gnoll hits you from afar with a spear.
The gnoll hits you from afar with a spear.
There is a stone staircase leading up, spattered with blood here.
The gnoll hits you from afar with a spear!
You climb upwards.
There is a stone staircase leading down here.
You start resting.
You climb downwards.
Level annotation: 1 runed door, FakerFangirl's ghost, amateur DrFi; Sigmund You block the gnoll's attack. x2; The gnoll hits you but does no damage.
Space bends around you. The gnoll hits you with a spear.
There is a stone staircase leading up, spattered with blood here.
Unknown command.
You block the gnoll's attack. x2
You climb upwards.
There is a stone staircase leading down here.
You closely miss the gnoll. You bite the gnoll. You drain its power.
You feel invigorated. You block the gnoll's attack.
You puncture the gnoll! The gnoll completely misses you.
Unknown command.
You closely miss the gnoll. You bite the gnoll. You drain its power.
The gnoll hits you but does no damage.
You barely miss the gnoll. Your bite misses the gnoll.
The gnoll barely misses you.
Unknown command.
You barely miss the gnoll. Your bite misses the gnoll.
The gnoll hits you with a spear.
Your shield prevents you from hitting the gnoll.
You bite the gnoll, but do no damage. The gnoll hits you with a spear.
Unknown command.
Your shield and scale mail prevent you from hitting the gnoll.
Your bite misses the gnoll. You block the gnoll's attack.
Your shield prevents you from hitting the gnoll.
You bite the gnoll. You drain its power.
You feel invigorated. The gnoll hits you with a spear.
You closely miss the gnoll. You bite the gnoll. You drain its power.
You feel invigorated.
You kill the gnoll!
No target in view!
Things that are here:
a spear; a gnoll corpse You butcher the gnoll corpse.
A - a chunk of flesh {@w0} You see here a spear.
Eating a chunk of flesh {@w0}.
You eat the chunk of flesh {@w0}.
This raw flesh tastes great.
There is an open door here.
There is a stone staircase leading down here.
You climb downwards.
Level annotation: 1 runed door, FakerFangirl's ghost, amateur DrFi; Sigmund
There is a stone staircase leading up, spattered with blood here.
You see here a falchion.
There is an open door here.
A rat comes into view.
You hit the rat.
You kill the rat!
No target in view!
No target in view!
There is an open door here.
Sigmund shouts!
The hobgoblin shouts!
Sigmund mumbles some strange words.
Sigmund flickers and vanishes!
Deactivating autopickup; reactivate with Ctrl-A.
FakerFangirl's ghost turns its malevolent gaze towards you.
FakerFangirl's ghost stares at you.
You hear some strange, mumbled words.
You are confused.
Unknown command.
You're too confused to move!
Something hits you. Something freezes you.
A magic dart appears from out of thin air!
The magic dart hits you!
A giant cockroach comes into view.
You bump into the rock wall.
You bump into the rock wall.
Something hits you. Something freezes you.
A magic dart appears from out of thin air!
The magic dart hits you!
You feel less confused. Something hits you! Something freezes you.
* * * LOW HITPOINT WARNING * * *
Unknown command.
You hear some strange, mumbled words.
You are confused.
Something hits you!
You die...

#... #.# #.# #.#.#
.# #.#.# ##.# g.#..
##### ...
..##.####..<####.#
##>...W..Wg..'....#
##..s###{..######
#. #...#########
##.@........#
#.##########
#.#<..# #.###.#
#.....# #######


You could see FakerFangirl's ghost and a hobgoblin.

Vanquished Creatures
  2 gnolls
  2 adders (D:2)
  A dart slug (D:1)
  2 leopard geckos (D:2)
  An orc (D:3)
  2 ball pythons (D:2)
  4 bats
  2 giant cockroaches
  4 goblins
  9 hobgoblins
  3 kobolds
  2 quokkas (D:2)
  3 frilled lizards
  6 rats
43 creatures vanquished.

Notes
Turn   | Place    | Note
-------+----------+-------------------------------------------
     0 | D:1      | Gorglomux the Vine Stalker Fighter began the quest for the Orb.
     0 | D:1      | Reached XP level 1. HP: 11/11 MP: 2/2
    63 | D:1      | Reached skill level 2 in Short Blades
    90 | D:1      | Reached XP level 2. HP: 12/16 MP: 3/3
   656 | D:2      | Reached XP level 3. HP: 19/19 MP: 4/4
   749 | D:2      | Reached skill level 3 in Shields
   956 | D:2      | Reached skill level 3 in Fighting
   956 | D:2      | Gained mutation: Your natural rate of healing is unusually fast. [Vine Stalker growth]
   956 | D:2      | Reached XP level 4. HP: 12/24 MP: 5/5
   997 | D:2      | Reached skill level 1 in Dodging
  1209 | D:3      | Noticed Sigmund
  1209 | D:3      | Noticed FakerFangirl's ghost (amateur DrFi)
  1366 | D:3      | Found an opulent altar of Gozag.
  1426 | D:3      | Found a runed door.
  1683 | D:3      | Slain by Sigmund

Skill      XL: |  1  2  3  4 |
---------------+-------------+-----
Short Blades   | 2 |  2.8
Shields        | 3 |  3.1
Fighting       | 3 |  3.1
Dodging        | 1 |  1.0
Armour         | |  2.7

Action                   |  1- 3 |  4- 6 || total
-------------------------+-------+-------++-------
Melee: Rapier            |    78 |    29 ||   107
       Bite              |    18 |    12 ||    30
  Use: Scroll            |       |     3 ||     3
  Eat: Chunk             |    12 |     9 ||    21
Armor: Scale mail        |    31 |     4 ||    35
Dodge: Dodged            |    23 |    11 ||    34
Block: Shield            |    30 |    18 ||    48

Vault maps used:
D:1:      dpeg_arrival_tiny_a, minmay_strange_pillars, roderic_three_in_a_row,
          hangedman_decor_points, hex_intersection
D:2:      first_bread
D:3:      grunt_gozag_breadcrumbs, minmay_overflow_temple_star_hex,
          cheibrodos_gnoll_hut, uniq_grinder, uniq_sigmund,
          uniq_crazy_yiuf_cottage

Table legend:
 A = Turns spent in this place as a percentage of turns spent in the entire game.
 B = Non-inter-level travel turns spent in this place as a percentage of non-inter-level travel turns spent in the entire game.
 C = Inter-level travel turns spent in this place as a percentage of turns spent in this place.
 D = Turns resting spent in this place as a percentage of non-inter-level travel turns spent in this place.
 E = Turns spent auto-exploring this place as a percentage of non-inter-level travel turns spent in this place.
 F = Non-inter-level travel turns spent in this place divided by the number of levels of this place that you've seen.
                   A       B       C       D       E      F
               +-------+-------+-------+-------+-------+----------------------
         Total | 100.0 | 100.0 |   0.7 |   0.3 |  12.8 | 198.3
       Dungeon | 100.0 | 100.0 |   0.7 |   0.3 |  12.8 | 198.3
               +-------+-------+-------+-------+-------+----------------------

Table legend:
 A = Kills in this place as a percentage of kills in entire the game.
 B = Kills by you in this place as a percentage of kills by you in the entire game.
 C = Kills by friends in this place as a percentage of kills by friends in the entire game.
 D = Other kills in this place as a percentage of other kills in the entire game.
 E = Experience gained in this place as a percentage of experience gained in the entire game.
 F = Experience gained in this place divided by the number of levels of this place that you have seen.
                   A       B       C       D       E      F
               +-------+-------+-------+-------+-------+----------------------
         Total | 100.0 | 100.0 |  -nan |  -nan | 100.0 |  42.0
       Dungeon | 100.0 | 100.0 |  -nan |  -nan | 100.0 |  42.0
               +-------+-------+-------+-------+-------+----------------------
